 Dungeon Crawl Stone Soup version 0.19.5 (webtiles) character file.

59 Goboxel the Slasher (level 3, -1/28 HPs)
             Began as a Demonspawn Gladiator on Apr 28, 2017.
             Slain by Sigmund
             ... wielding a +0 scythe
              (11 damage)
             ... on level 2 of the Dungeon.
             The game lasted 00:02:35 (1334 turns).

Goboxel the Slasher (Demonspawn Gladiator)          Turns: 1334, Time: 00:02:35

Health: -1/28      AC:  4    Str: 15    XL:     3   Next: 78%
Magic:  3/3        EV: 17    Int:  9    God:
Gold:   66         SH:  0    Dex: 14    Spells: 0 memorised, 2 levels left

rFire  . . .     SeeInvis .     a - +0 long sword
rCold  . . .     Gourm    .     b - +0 leather armour
rNeg   . . .     Faith    .     (no shield)
rPois  .         Spirit   .     (helmet restricted)
rElec  .         Reflect  .     (no cloak)
rCorr  .         Harm     .     h - +0 pair of gloves
MR     .....                    (no boots)
Stlth  +.........               o - amulet of regeneration
                                (no ring)
                                s - +4 ring of evasion

@: no status effects
A: horns 1, demonic guardian 1, screaming 1
a: no special abilities


You were on level 2 of the Dungeon.
You were not hungry.

You visited 1 branch of the dungeon, and saw 2 of its levels.

You collected 66 gold pieces.

Inventory:

Hand Weapons
 a - a +0 long sword (weapon)
Missiles
 d - 3 throwing nets (quivered)
Armour
 b - a +0 leather armour (worn)
 c - a +0 helmet
 h - a +0 pair of gloves (worn)
 i - a +0 cloak
Jewellery
 o - an amulet of regeneration (around neck)
 s - a +4 ring of evasion (left hand)
Scrolls
 e - a scroll of remove curse {unknown}
 j - 2 scrolls of identify {unknown}
 l - 3 scrolls of teleportation {unknown}
 m - a scroll of enchant armour {unknown}
 q - a scroll of recharging {unknown}
 t - a scroll of enchant weapon {unknown}
Potions
 g - a potion of mutation
 k - a potion of berserk rage {unknown}
 p - a potion of degeneration {unknown}
 u - a potion of magic {unknown}
 v - a potion of invisibility {unknown}
 w - a potion of cancellation {unknown}
Comestibles
 f - 2 bread rations
 n - a meat ration
 r - a chunk of flesh


   Skills:
 + Level 2.5 Fighting
 * Level 3.6 Long Blades
 - Level 1.7 Throwing
 + Level 3.1 Dodging


You had 2 spell levels left.
You didn't know any spells.

Dungeon Overview and Level Annotations

Branches:
Dungeon (2/15)

Altars:

Annotations:
D:2 Sigmund


Innate Abilities, Weirdness & Mutations

A weak demonic guardian rushes to your aid.
You have a pair of small horns on your head.
You occasionally shout uncontrollably at your foes.


Message History

Unknown command.
It was a potion of mutation.
You feel extremely strange.
You feel the urge to shout. A pair of horns grows on your head!
Your +0 helmet falls away!
The quokka misses you. Something hits you but does no damage.
The quokka bites you but does no damage.
You barely miss something. You headbutt something.
The quokka barely misses you.
You riposte.
You miss the quokka.
The quokka is almost dead.
Something closely misses you.
You closely miss something. The quokka misses you. The quokka bites you.
Something hits you.
You closely miss something.
Your quasit seems less confused.
Your quasit disappears in a puff of smoke!
The quokka bites you.
You closely miss something.
The quokka bites you but does no damage.
Something hits you!
You die...

########+####
#...........# #.#
#........§..# #.#
#......{r...# #.#
#......@....# #.#
#...........# #.#
########.#### #.#
#.#.. #.# #.#.# #
#†# #.#.#
#.####.#
#.#.######......#
#>...............
##...#########..#


You could see a quokka.

Vanquished Creatures
  3 adders (D:2)
  A dart slug (D:1)
  3 leopard geckos (D:2)
  2 bats
  A giant cockroach (D:2)
  5 goblins
  2 hobgoblins (D:1)
  2 jackals (D:2)
  2 ball pythons (D:1)
  3 frilled lizards
  A kobold (D:1)
  4 rats
29 creatures vanquished.

Notes
Turn   | Place    | Note
-------+----------+-------------------------------------------
     0 | D:1      | Goboxel the Demonspawn Gladiator began the quest for the Orb.
     0 | D:1      | Reached XP level 1. HP: 16/16 MP: 1/1
   232 | D:1      | Gained mutation: A weak demonic guardian rushes to your aid. [demonic ancestry]
   232 | D:1      | Reached XP level 2. HP: 22/22 MP: 2/2
   900 | D:2      | Reached XP level 3. HP: 28/28 MP: 3/3
  1315 | D:2      | Noticed Sigmund
  1330 | D:2      | Gained mutation: You occasionally shout uncontrollably at your foes. [potion of mutation]
  1330 | D:2      | Gained mutation: You have a pair of small horns on your head. [potion of mutation]
  1334 | D:2      | Slain by Sigmund

Skill      XL: |  1  2 |
---------------+-------+-----
Long Blades    | 3 |  3.6
Dodging        | 3 |  3.1
Fighting       | |  2.5
Throwing       | |  1.7

Action                   || total
-------------------------++-------
Melee: Long sword        ||    69
       Headbutt          ||     1
  Use: Potion            ||     1
  Eat: Chunk             ||     1
Armor: Leather armour    ||    21
Dodge: Dodged            ||    69
       Rpst.: Long sword ||    18
